 Dungeon Crawl Stone Soup version 0.20-a0-1124-g2e29d97 (webtiles) character file.

52 Naow the Firebug (level 3, 0/21 HPs)
             Began as an Octopode Fire Elementalist on May 16, 2017.
             Slain by a jackal (2 damage)
             ... on level 2 of the Dungeon.
             The game lasted 00:02:03 (1705 turns).

Naow the Firebug (Octopode Fire Elementalist)       Turns: 1705, Time: 00:02:03

Health: 0/21       AC:  1    Str:  7    XL:     3   Next: 85%
Magic:  6/7        EV: 13    Int: 18    God:
Gold:   68         SH:  0    Dex: 12    Spells: 1/7 levels left

rFire    . . .     SeeInvis .   (no weapon)
rCold    . . .     Gourm    .   (no shield)
rNeg     . . .     Faith    .   (helmet restricted)
rPois    .         Spirit   .   (no amulet)
rElec    .         Reflect  .   (no ring)
rCorr    .         Harm     .   (no ring)
MR       .....                  (no ring)
Stlth    +++.......             (no ring)
Regen    0.1/turn               (no ring)
MPRegen  0.1/turn               (no ring)
                                (no ring)
                                (no ring)

@: lethally poisoned (0 -> -3)
A: almost no armour, stealthy swim, amphibious, 8 rings, constrict 8, camouflage
1, gelatinous body 1
a: no special abilities


You were on level 2 of the Dungeon.
You were not hungry.

You visited 1 branch of the dungeon, and saw 2 of its levels.

You collected 68 gold pieces.

Inventory:

Scrolls
 d - 2 scrolls of remove curse {unknown}
 f - 4 scrolls of identify {unknown}
 g - 2 scrolls of teleportation {unknown}
Potions
 e - 2 potions of ambrosia {unknown}
 i - a potion of mutation {unknown}
 k - a potion of flight {unknown}
Books
 a - a book of Flames

   Spells                             Type                      Level
   a - Flame Tongue                   Conjuration/Fire             1
   b - Throw Flame                    Conjuration/Fire             2
   c - Conjure Flame                  Conjuration/Fire             3
   d - Inner Flame                    Hexes/Fire                   3
   e - Sticky Flame                   Conjuration/Fire             4
   f - Fireball                       Conjuration/Fire             5
 j - a book of Cantrips

   Spells                             Type                      Level
   a - Confusing Touch                Hexes                        1
   b - Animate Skeleton               Necromancy                   1
   c - Summon Small Mammal            Summoning                    1
   d - Apportation                    Translocation                1
Comestibles
 b - 2 bread rations
 c - 2 chunks of flesh
 h - 2 fruits


   Skills:
 - Level 2.0 Dodging
 - Level 2.6 Stealth
 + Level 2.7 Spellcasting
 + Level 1.8 Conjurations
 + Level 3.7 Fire Magic


You had one spell level left.
You knew the following spells:

 Your Spells              Type           Power        Failure   Level  Hunger
a - Flame Tongue          Conj/Fire      ##...        5%          1    #......
b - Throw Flame           Conj/Fire      ##....       9%          2    ##.....
c - Conjure Flame         Conj/Fire      ##......     16%         3    ###....


Dungeon Overview and Level Annotations

Branches:
Dungeon (2/15)

Altars:


Innate Abilities, Weirdness & Mutations

You cannot wear most types of armour.
You are very stealthy in the water. (Stealth+)
You are amphibious.
You can wear up to eight rings at the same time.
You can use your tentacles to constrict eight enemies at once.
Your skin changes colour to match your surroundings (Stealth+).
Your rubbery body absorbs attacks. (AC +1, EV +1)


Message History

Casting: Flame Tongue
Confirm with . or Enter, or press ? or * to list all spells.
Aiming: Flame Tongue
Press: ? - help, Shift-Dir - straight line, f - quokka
Aim: a quokka (heavily wounded, constricted by you)
The flame tongue hits the quokka.
You kill the quokka!
The jackal barks!
The jackal bites you. x2; The adder bites you.
The jackal bites you.
The jackal bites you but does no damage.
The adder bites you.
You are poisoned.
The adder poisons you!
You feel sick. The jackal barely misses you. The jackal misses you.
The jackal barely misses you.
You feel sick.
You feel sick. The jackal bites you.
* * * LOW HITPOINT WARNING * * *
The jackal bites you.
You die...

..##........##....
.........†.......
######......†.......
#####............#...###
.............h.......#
...........#h#.####!.#
...........#S#.# h.#
...........#h#.# .#
...........@.#(#############
............................
............####...#...#...#
...............(...).)......
...........#...#...#...#...#
###########................
#...############# #......#
#......#


You could see an adder and 3 jackals.

Vanquished Creatures
  An adder (D:2)
  4 dart slugs
  A leopard gecko (D:1)
  3 bats
  4 goblins (D:1)
  4 hobgoblins
  4 jackals (D:1)
  2 quokkas (D:2)
  3 ball pythons
  2 frilled lizards (D:1)
  2 kobolds
  3 rats (D:1)
33 creatures vanquished.

Notes
Turn   | Place    | Note
-------+----------+-------------------------------------------
     0 | D:1      | Naow the Octopode Fire Elementalist began the quest for the Orb.
     0 | D:1      | Reached XP level 1. HP: 11/11 MP: 3/3
   181 | D:1      | Reached XP level 2. HP: 17/17 MP: 0/5
  1075 | D:1      | Reached XP level 3. HP: 21/21 MP: 6/6
  1516 | D:2      | Learned a level 2 spell: Throw Flame
  1520 | D:2      | Learned a level 3 spell: Conjure Flame
  1705 | D:2      | Slain by a jackal

Vault maps used:
D:1:      sevenhm_arrival_forest_fort_small_5
D:2:      lemuel_coloured_pillars_altar, old_standard_altar, uniq_sigmund,
          uniq_crazy_yiuf_cottage

Action                   || total
-------------------------++-------
Melee: Unarmed           ||    49
       Constrict         ||    12
       Tentacles         ||     4
 Cast: Flame Tongue      ||    40
       Throw Flame       ||     1
 Stab: Sleeping          ||     1
  Eat: Chunk             ||     3
Armor: Skin              ||     2
Dodge: Dodged            ||    57
